 Seeded DCSS version 0.24.0 (webtiles) character file.

Game seed: 872665457973127504, levelgen mode: deterministic

64 Faels the Skirmisher (level 3, -6/29 HPs)
             Began as a Demonspawn Fighter on Feb 14, 2020.
             Mangled by Grinder (9 damage)
             ... while paralysed by Grinder
             ... on level 3 of the Dungeon.
             The game lasted 00:03:56 (1743 turns).

Faels the Skirmisher (Demonspawn Fighter)           Turns: 1743, Time: 00:03:57

Health: -6/29      AC:  6    Str: 21    XL:     3   Next: 91%
Magic:  3/3        EV:  2    Int:  9    God:
Gold:   67         SH:  0    Dex: 13    Spells: 2/2 levels left

rFire    . . .     SeeInvis .   a - +0 long sword
rCold    . . .     Gourm    .   c - +0 shield
rNeg     . . .     Faith    .   b - +0 scale mail
rPois    .         Spirit   .   (no helmet)
rElec    .         Reflect  .   (no cloak)
rCorr    .         Harm     .   (no gloves)
MR       .....                  (no boots)
Stlth    ..........             (no amulet)
HPRegen  0.09/turn              (no ring)
MPRegen  0.08/turn              (no ring)

@: paralysed, mighty, lightly drained
A: powered by death 1
a: no special abilities


You were on level 3 of the Dungeon.
You were not hungry.

You visited 1 branch of the dungeon, and saw 3 of its levels.

You collected 67 gold pieces.

Inventory:

Hand Weapons
 a - a +0 long sword (weapon)
 i - a +1 dagger of draining
 m - a +2 dagger of flaming
 o - a +2 mace of holy wrath
Missiles
 g - 11 boomerangs (quivered)
Armour
 b - a +0 scale mail (worn)
 c - a +0 shield (worn)
Scrolls
 e - 2 scrolls of identify {unknown}
 j - 2 scrolls of random uselessness {unknown}
 k - a scroll of amnesia {unknown}
 p - a scroll of fog {unknown}
 q - a scroll of blinking {unknown}
 r - a scroll of remove curse {unknown}
Potions
 d - a potion of might
 l - 2 potions of heal wounds {unknown}
 n - 2 potions of degeneration {unknown}
 s - a potion of cancellation {unknown}
 t - a potion of curing {unknown}
Comestibles
 f - 3 rations


   Skills:
 + Level 3.5(3.1) Fighting
 * Level 3.0(2.6) Long Blades
 - Level 2.6(2.2) Armour
 + Level 1.3(0.9) Dodging
 - Level 2.6(2.2) Shields


You had 2 spell levels left.
You didn't know any spells.
Your spell library was empty.

Dungeon Overview and Level Annotations

Branches:
Dungeon (3/15)

Altars:

Annotations:
D:3 Grinder


Innate Abilities, Weirdness & Mutations

You regenerate a little health from kills.


Message History

You feel very mighty all of a sudden.
Grinder drinks a potion.
Grinder seems to grow stronger.
You see here a rat corpse.
You block Grinder's attack.
You barely miss Grinder. Grinder gestures at you.
You resist with significant effort. You block Grinder's attack.
You closely miss Grinder. Grinder barely misses you.
You closely miss Grinder. Grinder gestures at you.
Pain shoots through your body!
You closely miss Grinder. Grinder hits you!
You writhe in agony.
Grinder hits you.
You writhe in agony.
* * * LOW HITPOINT WARNING * * *
You closely miss Grinder. Grinder gestures at you.
You suddenly lose the ability to move!
All of the chunks of flesh in your inventory have rotted away.
Grinder hits you!
You die...

.#####
......
####.....
###.......
##.#.#.#?#
#.<......#
##.#.#.#.#
#....†@5.#
##.#.#.#.#
#........!..
##.#.#.#.###
###.....#
#######


You could see Grinder.

Vanquished Creatures
  An ooze (D:2)
  3 worms (D:2)
  2 leopard geckos (D:2)
  7 bats
  A giant cockroach (D:2)
  9 goblins
  7 hobgoblins
  A ball python (D:1)
  7 frilled lizards
  4 kobolds (D:1)
  7 rats
49 creatures vanquished.

Notes
Turn   | Place    | Note
-------+----------+-------------------------------------------
     0 | D:1      | Faels the Demonspawn Fighter began the quest for the Orb.
     0 | D:1      | Reached XP level 1. HP: 18/18 MP: 1/1
   180 | D:1      | Gained mutation: You regenerate a little health from kills.
                  | [demonic ancestry]
   180 | D:1      | Reached XP level 2. HP: 23/24 MP: 2/2
   727 | D:1      | Reached skill level 1 in Dodging
   860 | D:1      | Reached XP level 3. HP: 26/29 MP: 3/3
  1726 | D:3      | Noticed Grinder
  1732 | D:3      | Paralysed by Grinder for 3 turns
  1742 | D:3      | Paralysed by Grinder for 4 turns
  1743 | D:3      | Mangled by Grinder

Levels and vault maps discovered:
D:1:      dpeg_arrival_stonehenge_8_columns, layout_loops_ring, chequers_avenue
D:2:      layout_basic
D:3:      layout_basic, nicolae_overflow_crystal_walls, zin_purify,
          serial_curves, eino_curves_02, eino_curves_04,
          chequers_ecumenical_altar_simple_redux, st_stairs_8, uniq_grinder,
          uniq_jessica
